AoeStats
← VaimX

Arena

509675959Analyzed
3v3 RM · 6d ago on Sep 27, 2026· 52m 6s· 6 players
Game mode
Random Map
Map size
Normal (6 player)
Population
200
Speed
Normal
Resources
Standard
Victory
Conquest
Starting age
Dark Age
Ending age
Imperial Age
RankedLock teamsTeams togetherTeam positionsShared explorationLock speedFull tech treeHidden civsTurbo modeCheats
Victory
Defeat
🇺🇸 Goths · United States
1017
+14
🇺🇸 Vietnamese · United States
990
+15
🇺🇸 Franks · United States
877
+55
🇺🇸 Portuguese · United States
1001
-18
🇬🇧 Vikings · United Kingdom
979
-17
🇪🇨 Britons · Ecuador
931
-15
Lil_Sleezy
9:37 Loom
11:22 Feudal Age
12:43 Double-Bit Axe
15:45 Castle Age
18:38 Wheelbarrow
21:37 Bow Saw
22:51 Gold Mining
23:08 Stone Mining
23:28 Horse Collar
25:57 Hand Cart
25:27 Town Watch
26:21 Stone Shaft Mining
28:07 Forging
27:57 Scale Mail Armor
30:58 Imperial Age
28:48 Squires
28:51 Anarchy
29:50 Iron Casting
29:40 Heavy Plow
30:02 Chain Mail Armor
30:59 Elite Huskarl
32:00 Conscription
31:43 Perfusion
32:48 Blast Furnace
35:29 Man-at-Arms
35:58 Long Swordsman
36:30 Two-Handed Swordsman
36:53 Champion
40:55 Crop Rotation
41:29 Two-Man Saw
44:59 Caravan
Rival_MG
8:04 Loom
10:31 Feudal Age
14:57 Castle Age
12:59 Double-Bit Axe
13:31 Horse Collar
15:20 Wheelbarrow
17:53 Heavy Plow
23:06 Bow Saw
24:57 Hand Cart
24:38 Gold Mining
25:07 Stone Mining
25:50 Town Watch
30:55 Imperial Age
28:27 Fletching
28:40 Padded Archer Armor
29:21 Town Patrol
31:19 Stone Shaft Mining
31:48 Ballistics
31:25 Murder Holes
31:41 Masonry
32:03 Paper Money
31:43 Onager
33:24 Hoardings
35:28 Chemistry
34:26 Bodkin Arrow
34:48 Leather Archer Armor
35:30 Elite Rattan Archer
38:35 Bracer
40:52 Caravan
41:04 Guilds
42:27 Two-Man Saw
44:11 Ring Archer Armor
MR1BOOMBOX
13:58 Feudal Age
22:27 Wheelbarrow
34:24 Castle Age
38:36 Loom
51:40 Gold Mining
51:41 Stone Mining
TheToivi
11:32 Feudal Age
15:55 Castle Age
14:41 Double-Bit Axe
15:40 Horse Collar
20:03 Bow Saw
21:09 Loom
23:02 Heavy Plow
23:48 Town Watch
27:03 Stone Mining
27:03 Gold Mining
27:27 Fortified Wall
27:26 Scale Mail Armor
27:37 Forging
31:16 Imperial Age
29:30 Town Patrol
29:25 Treadmill Crane
29:58 Masonry
30:18 Squires
30:05 Arson
30:39 Chain Mail Armor
31:00 Iron Casting
31:25 Gold Shaft Mining
32:34 Plate Mail Armor
31:42 Elite Varangian Guard
34:20 Blast Furnace
34:36 Man-at-Arms
35:09 Long Swordsman
35:42 Two-Handed Swordsman
37:02 Elite Berserk
37:41 Champion
40:11 Conscription
40:28 Hoardings
40:31 Crop Rotation
41:00 Siege Engineers
41:19 Ballistics
47:00 Fletching
48:56 Caravan
49:13 Bodkin Arrow
VaimX
9:28 Feudal Age
10:45 Wheelbarrow
9:59 Double-Bit Axe
9:56 Horse Collar
19:19 Castle Age
19:46 Gold Mining
20:55 Town Watch
21:50 Heavy Plow
24:35 Bow Saw
25:16 Gold Shaft Mining
35:04 Imperial Age
36:08 Conscription
35:52 Fletching
36:03 Padded Archer Armor
38:18 Hand Cart
40:57 Ballistics
41:10 Stone Mining
43:21 Two-Man Saw
43:31 Forging
44:27 Scale Barding Armor
43:45 Cavalier
45:22 Scale Mail Armor
45:57 Iron Casting
45:40 Light Cavalry
47:24 Husbandry
50:10 Chain Barding Armor
RagingRaja
12:40 Feudal Age
13:20 Horse Collar
13:27 Double-Bit Axe
16:24 Castle Age
17:26 Bow Saw
17:21 Heavy Plow
18:12 Bow Saw
20:26 Loom
26:12 Imperial Age
24:55 Town Watch
26:37 Wheelbarrow
26:48 Bloodlines
27:05 Forging
28:29 Conscription
27:54 Pikeman
30:15 Iron Casting
30:20 Ballistics
29:39 Light Cavalry
32:36 Chemistry
33:37 Blast Furnace
32:43 Scale Barding Armor
39:10 Husbandry
39:32 Chain Barding Armor
39:46 Elite Organ Gun
42:12 Halberdier
Connection lost

Rejoining the realm…

Still unreachable

The connection could not be restored.

Session expired

The server has moved on; the page needs a fresh start.